 Dungeon Crawl Stone Soup version 0.28.0-53-g5a82cb258f (webtiles) character file.

Game seed: 13481248748034702505

41 MiltankisOP the Sneak (level 3, -1/18 HPs)
             Began as a Vine Stalker Brigand on June 19, 2022.
             Slain by an orc
             ... wielding a +0 flail
              (2 damage)
             ... on level 4 of the Dungeon.
             The game lasted 00:02:42 (1722 turns).

MiltankisOP the Sneak (Vine Stalker Brigand)        Turns: 1722, Time: 00:02:42

Health: -1/18      AC:  3    Str: 13    XL:     3   Next: 52%
Magic:  0/4        EV: 11    Int: 11    God:
Gold:   19         SH:  0    Dex: 17    Spells: 2/2 levels left

rFire   . . .      SeeInvis .   a - +2 dagger
rCold   . . .      Faith    .   (no shield)
rNeg    . . .      Spirit   +   b - +0 robe
rPois   .          Reflect  .   (no helmet)
rElec   .          Harm     .   c - +0 cloak
rCorr   .          Rampage  .   (no gloves)
Will    .....                   (no boots)
Stlth   +++.......              (no amulet)
HPRegen 0.06/turn               (no ring)
MPRegen 0.09/turn               (no ring)

@: no status effects
A: fangs 2, magic shield, antimagic bite, no potion heal 2
a: no special abilities


You were on level 4 of the Dungeon.
You visited 1 branch of the dungeon, and saw 3 of its levels.

You collected 19 gold pieces.

Inventory:

Hand Weapons
 a - a +2 dagger (weapon)
Missiles
 d - 8 poisoned darts (quivered)
 e - 2 curare-tipped darts
Armour
 b - a +0 robe (worn)
 c - a +0 cloak (worn)
Scrolls
 f - a scroll of summoning {unknown}
 g - a scroll of identify {unknown}
 h - a scroll of noise {unknown}
 j - a scroll of enchant armour {unknown}
 l - a scroll of vulnerability {unknown}
 m - a scroll of blinking {unknown}
Potions
 i - a potion of degeneration {unknown}
 k - a potion of attraction {unknown}
 n - a potion of might {unknown}
 o - 2 potions of berserk rage {unknown}
 p - a potion of curing {unknown}


   Skills:
 - Level 1.7 Fighting
 + Level 3.4 Short Blades
 - Level 1.7 Throwing
 - Level 0.7 Dodging
 - Level 4.8 Stealth


You had 2 spell levels left.
You didn't know any spells.
Your spell library was empty.

Dungeon Overview and Level Annotations

Branches:
Dungeon (2/15)

Altars:


Innate Abilities, Weirdness & Mutations

You have extremely sharp teeth.
When hurt, damage is shared between your health and your magic reserves.
Your bite disrupts and absorbs the magic of your enemies.
Potions cannot restore your health.


Message History

There is a stone staircase leading down here.
You now have 19 gold pieces (gained 9).
Found a ring mail.
A jackal comes into view.
A jackal is nearby!
A sourceless malevolence fills the Dungeon...
You fall into a shaft and drop 2 floors!
The shaft crumbles and collapses.
An orc comes into view. It is wielding a +0 war axe.
An orc comes into view. It is wielding a +0 flail.
An orc comes into view. It is wielding a +0 mace.
The orc shouts! x3
An orc priest comes into view. It is wielding a +0 mace.
An orc comes into view. It is wielding a +0 whip.
You barely miss the orc.
The orc priest shouts!
Your bite misses the orc. The orc hits you with a +0 war axe.
You closely miss the orc. Your bite misses the orc.
The orc shouts!
You hit the orc. You bite the orc. You drain its power.
You feel invigorated.
The orc is heavily wounded.
The orc closely misses you.
You closely miss the orc.
The orc is heavily wounded.
The orc hits you with a +0 war axe!
You hit the orc.
You kill the orc!
Found a murky sapphire potion.
Found a buckler.
Found a stone staircase leading down.
The orc barely misses you.
An adder comes into view.
The orc priest looks satisfied for a moment.
There is a stone staircase leading down here.
You can't go up here!
The orc priest mumbles some strange prayers to Beogh against you.
Beogh smites you!
* * * LOW HITPOINT WARNING * * *
The orc hits you with a +0 flail.
You die...

#. #.# #o......# #.
#.# #..!.....
##.#######.......[
#.....o...........
##...#.o###.......#
#......## ##......#
#......## .......
#.....o.## #......
#.....@..# ##....
#.........# ...#
#...........# .#
#..#........#
...###......... ##.
#.......... #
##........#
###S....##


You could see an orc priest, an adder (asleep) and 2 orcs.

Vanquished Creatures
  A dart slug (D:2)
  An orc (D:4)
  2 ball pythons (D:1)
  2 endoplasms
  2 giant cockroaches (D:2)
  2 goblins
  3 hobgoblins (D:1)
  4 jackals (D:2)
  3 kobolds (D:1)
  2 quokkas
  4 bats
  4 frilled lizards
  4 rats
34 creatures vanquished.

Vanquished Creatures (others)
  A plant (D:1)
1 creature vanquished.

Grand Total: 35 creatures vanquished

Notes
Turn   | Place    | Note
-------+----------+-------------------------------------------
     0 | D:1      | MiltankisOP the Vine Stalker Brigand began the quest for
                  | the Orb.
     0 | D:1      | Reached XP level 1. HP: 11/11 MP: 2/2
   220 | D:1      | Reached XP level 2. HP: 15/15 MP: 3/3
  1091 | D:1      | Reached XP level 3. HP: 13/18 MP: 2/4
  1679 | D:2      | You fall into a shaft and drop 2 floors!
  1722 | D:4      | Slain by an orc

Illustrated notes

Levels and vault maps discovered:
D:1:      sevenhm_arrival_forest_fort_small_3, layout_rooms, chequers_big_river
D:2:      layout_rooms
D:4:      layout_cave_pods, chequers_jeans, uniq_eustachio

Skill      XL: |  1  2 |
---------------+-------+-----
Short Blades   | 2 3 |  3.4
Fighting       | |  1.7
Throwing       | |  1.7
Dodging        | |  0.7
Stealth        | |  4.8

Action                   || total
-------------------------++-------
Melee: Dagger            ||   100
       Bite              ||    18
 Stab: Sleeping          ||     7
Armor: Robe              ||    25
Dodge: Dodged            ||    63
